 Dungeon Crawl Stone Soup version 0.30.0-5-g1a98f26d00 (webtiles) character file.

Game seed: 210334976064896388

28 retardedninja the Chopper (level 2, 0/27 HPs)
             Began as a Minotaur Fighter on May 8, 2023.
             Slain by a gnoll
             ... wielding a +0 spear
              (2 damage)
             ... on level 2 of the Dungeon.
             The game lasted 00:01:25 (563 turns).

retardedninja the Chopper (Minotaur Fighter)         Turns: 563, Time: 00:01:26

Health: 0/27       AC:  9    Str: 20    XL:     2   Next: 96%
Magic:  1/1        EV:  4    Int:  5    God:
Gold:   57         SH:  0    Dex:  9    Spells: 1/1 levels left

rFire   . . .        a - +0 war axe
rCold   . . .        c - +0 buckler
rNeg    . . .        f - +0 chain mail
rPois   .            (helmet restricted)
rElec   .            (no cloak)
rCorr   .            (no gloves)
SInv    .            (no boots)
Will    .....        (no amulet) Stlth
                     (no ring)
HPRegen 0.24/turn    (no ring)
MPRegen 0.07/turn

%: no passive effects
@: held
A: horns 2, retaliatory headbutt
a: no special abilities


You were on level 2 of the Dungeon.
You visited 1 branch of the dungeon, and saw 2 of its levels.

You collected 57 gold pieces.

Inventory:

Hand Weapons
 a - a +0 war axe (weapon)
Armour
 b - a +0 kite shield
 c - a +0 buckler (worn)
 f - a +0 chain mail (worn)
Scrolls
 g - a scroll of fear {unknown}
 h - a scroll of blinking {unknown}
 i - 2 scrolls of enchant weapon {unknown}
 j - a scroll of identify {unknown}
Potions
 d - a potion of might
 e - a potion of attraction {unknown}
 k - a potion of haste {unknown}
 l - a potion of heal wounds {unknown}


   Skills:
 - Level 3.6 Fighting
 * Level 4.1 Axes
 - Level 3.6 Armour
 - Level 3.6 Shields


You had one spell level left.
You didn't know any spells.
Your spell library was empty.

Dungeon Overview and Level Annotations

Branches:
Dungeon (2/15)

Altars:

Shops:
D:2 !

Annotations:
D:1 2 transporters


Innate Abilities, Weirdness & Mutations

You have a pair of horns on your head.
You reflexively headbutt those who attack you in melee.


Message History

Key pressed, stopping explore.
Partly explored, unvisited transporter.
Partly explored, unvisited transporter.
Partly explored, unvisited transporter.
Partly explored, unvisited transporter.
Partly explored, unvisited transporter.
Partly explored, unvisited transporter.
There is an escape hatch in the floor here.
You slide downwards.
The hatch slams shut behind you.
The gnoll shouts! x3
Found a scroll labelled COZOLOIKEGG.
Found Yriogylo's Distillery.
Found two stone staircases leading down.
There are monsters nearby!
There are monsters nearby!
Found 15 gold pieces.
Found an escape hatch in the floor.
The gnoll barely misses you. The gnoll hits you but does no damage.
The gnoll throws a throwing net.
You block the throwing net.
You see here a throwing net.
Found a stone staircase leading up.
The gnoll hits you but does no damage. The gnoll attacks as you move away!
The gnoll barely misses you. The gnoll closely misses you.
The gnoll closely misses you. You block the gnoll's attack.
The gnoll attacks as you move away! The gnoll hits you with a +0 spear.
The gnoll barely misses you. The gnoll hits you but does no damage.
The gnoll barely misses you.
You see here a throwing net.
The gnoll attacks as you move away! You block the gnoll's attack.
The gnoll barely misses you.
The gnoll throws a throwing net.
The throwing net hits you.
You become entangled in the net!
The gnoll hits you with a +0 halberd.
You see here a throwing net.
You struggle against the net.
The gnoll hits you from afar with a +0 spear!
The gnoll hits you with a +0 halberd. The gnoll hits you with a +0 spear.
* * * LOW HITPOINT WARNING * * *
You struggle against the net.
The gnoll hits you from afar with a +0 spear.
* * * LOW HITPOINT WARNING * * *
The gnoll hits you with a +0 spear.
You die...

.. .# #.. .#
###.#####.#
>.........##
#..#....^>.#
#.......#.#
.#.∩.#...#.#
...?..g@.#.#
.###..gg.#.##
#....g...##
#.......$.#
##..####..#
#.# .>.# <..
..# #### .#


You could see 4 gnolls.

Vanquished Creatures
  A dart slug (D:1)
  2 bats (D:1)
  3 endoplasms (D:1)
  3 giant cockroaches (D:1)
  A goblin (D:1)
  5 hobgoblins (D:1)
  2 quokkas (D:1)
  2 ball pythons (D:1)
  A frilled lizard (D:1)
  2 rats (D:1)
22 creatures vanquished.

Notes
Turn   | Place    | Note
-------+----------+-------------------------------------------
     0 | D:1      | retardedninja the Minotaur Fighter began the quest for the
                  | Orb.
     0 | D:1      | Reached XP level 1. HP: 19/19 MP: 0/0
    92 | D:1      | Reached skill level 3 in Axes
    97 | D:1      | Reached XP level 2. HP: 24/27 MP: 1/1
   334 | D:1      | Reached skill level 4 in Axes
   555 | D:2      | Found Yriogylo's Distillery.
   563 | D:2      | Slain by a gnoll

Illustrated notes

Levels and vault maps discovered:
D:1:      spicycebolla_arrival_transporter_tutorial, layout_basic,
          chequers_serial_rivers_micro_d, roderic_roman_lattice
D:2:      layout_rooms, serial_shops, nicolae_shop_stone, shop, shop,
          shop_statue, chequers_serial_rivers_room_b, serial_park_tiny_1,
          minmay_tall_x

Skill      XL: |  1  2 |
---------------+-------+-----
Axes           | 3 4 |  4.1
Fighting       | |  3.6
Armour         | |  3.6
Shields        | |  3.6

Action                     || total
---------------------------++-------
  Melee: War axe           ||    38
         Headbutt          ||     3
 Armour: Chain mail        ||    21
  Dodge: Dodged            ||    28
  Block: Buckler           ||    14
